 Dungeon Crawl Stone Soup version 0.24.0-13-gcf9b319 (webtiles) character file.

Game seed: 8987326463925318376, levelgen mode: deterministic

100 Doobh the Insei (level 4, 0/33 HPs)
             Began as a Demonspawn Transmuter on Dec 30, 2019.
             Slain by a gnoll
             ... wielding a +0 halberd
              (10 damage)
             ... on level 1 of the Dungeon.
             The game lasted 00:06:51 (2092 turns).

Doobh the Insei (Demonspawn Transmuter)             Turns: 2092, Time: 00:06:52

Health: 0/33       AC:  4    Str: 11    XL:     4   Next: 47%
Magic:  7/8        EV: 12    Int: 15    God:
Gold:   104        SH:  0    Dex: 13    Spells: 8/9 levels left

rFire    . . .     SeeInvis .     - Unarmed
rCold    . . .     Gourm    .   (no shield)
rNeg     . . .     Faith    .   b - +0 robe
rPois    .         Spirit   .   (no helmet)
rElec    .         Reflect  .   i - -1 cloak (curse)
rCorr    .         Harm     .   (no gloves)
MR       .....                  (no boots)
Stlth    ++........             (no amulet)
HPRegen  0.11/turn              (no ring)
MPRegen  0.11/turn              (no ring)

@: appendage
A: horns 2, yellow scales 1
a: End Transformation


You were on level 1 of the Dungeon.
You were not hungry.
You had grown temporary horns.
You visited 1 branch of the dungeon, and saw 2 of its levels.

You collected 104 gold pieces.

Inventory:

Missiles
 a - 36 arrows
Armour
 b - a +0 robe (worn)
 i - a cursed -1 cloak (worn)
Scrolls
 e - 2 scrolls of identify {unknown}
 g - 3 scrolls of noise {unknown}
 h - a scroll of amnesia {unknown}
 k - 2 scrolls of remove curse {unknown}
 n - 2 scrolls of magic mapping {unknown}
Potions
 c - a potion of curing {unknown}
 j - a potion of ambrosia {unknown}
 l - a potion of resistance {unknown}
 m - 2 potions of lignification {unknown}
Comestibles
 d - 5 rations


   Skills:
 + Level 1.8 Fighting
 + Level 2.2 Dodging
 + Level 1.2 Stealth
 + Level 3.0 Unarmed Combat
 * Level 3.0 Spellcasting
 + Level 2.2 Transmutations


You had 8 spell levels left.
You knew the following spells:

 Your Spells              Type           Power        Failure   Level  Hunger
a - Beastly Appendage     Tmut           #.....       8%          1    #......

Your spell library contained the following spells:

 Spells                   Type           Power        Failure   Level  Hunger
 Sticks to Snakes         Tmut           #.......     12%         2    ##.....
 Spider Form              Tmut/Pois      #.........   36%         3    ###....
 Ice Form                 Ice/Tmut       #.......     77%         4    #####..
 Blade Hands              Tmut           #.........   91%         5    ######.


Dungeon Overview and Level Annotations

Branches:
Dungeon (2/15)

Altars:


Innate Abilities, Weirdness & Mutations

You are partially covered in yellow scales. (AC +2)
You have a pair of horns on your head.


Message History

The gnoll hits you with a +0 halberd.
You climb upwards.
There is a stone staircase leading down here.
Press: ? - help, v - describe, . - travel A stone staircase leading down.
Casting: Beastly Appendage (safe; 8% risk of failure)
Confirm with . or Enter, or press ? or * to list all spells.
You grow a pair of large bovine horns.
The gnoll hits you with a +0 halberd.
You hit the gnoll.
The gnoll is lightly wounded.
You hit the gnoll. Your headbutt misses the gnoll.
The gnoll is moderately wounded.
The gnoll closely misses you.
You hit the gnoll but do no damage. You headbutt the gnoll.
The gnoll is severely wounded.
The gnoll hits you with a +0 halberd!
You hit the gnoll.
The gnoll is almost dead.
The gnoll hits you with a +0 halberd!
You die...

###############
###.............#####
....###########.....# #####
#g@...# ###############.)...#
...........(.##.....#
#.......####.##.....#######
#.##..≈.≈...)>............#
#.#...≈.≈.....#...........#
#.#...≈.≈###..............#
#.....≈≈≈.................#######
###..#..###...#..................


You could see a gnoll.

Vanquished Creatures
  A gnoll (D:1)
  4 adders (D:2)
  A worm (D:2)
  2 dart slugs (D:1)
  A leopard gecko (D:2)
  8 goblins
  3 hobgoblins
  7 jackals
  A quokka (D:2)
  3 bats
  2 frilled lizards
  7 kobolds
  6 rats
46 creatures vanquished.

Notes
Turn   | Place    | Note
-------+----------+-------------------------------------------
     0 | D:1      | Doobh the Demonspawn Transmuter began the quest for the
                  | Orb.
     0 | D:1      | Reached XP level 1. HP: 15/15 MP: 3/3
   117 | D:1      | Gained mutation: You are partially covered in yellow
                  | scales. (AC +2) [demonic ancestry]
   117 | D:1      | Reached XP level 2. HP: 17/21 MP: 3/5
   518 | D:1      | Reached XP level 3. HP: 23/26 MP: 4/6
  1279 | D:2      | Reached skill level 1 in Stealth
  1547 | D:2      | Reached XP level 4. HP: 27/33 MP: 8/8
  2092 | D:1      | Slain by a gnoll

Levels and vault maps discovered:
D:1:      lightli_iron_boxes, layout_loops_ring, chequers_serial_rivers_micro_d
D:2:      layout_rooms

Skill      XL: |  1  2  3  4 |
---------------+-------------+-----
Transmutations | 2 |  2.2
Dodging        | 2 |  2.2
Stealth        | 1 |  1.2
Unarmed Combat | 3 |  3.0
Spellcasting   | 3 |  3.0
Fighting       | |  1.8

Action                   |  1- 3 |  4- 6 || total
-------------------------+-------+-------++-------
Melee: Unarmed           |   158 |    58 ||   216
       Kick              |    10 |     8 ||    18
       Headbutt          |     9 |     3 ||    12
       Punch             |     1 |       ||     1
 Cast: Beastly Appendage |    21 |     8 ||    29
 Stab: Sleeping          |     1 |     1 ||     2
  Eat: Chunk             |     2 |     2 ||     4
Armor: Robe              |    37 |    13 ||    50
Dodge: Dodged            |    99 |    43 ||   142
